AoeStats
← ITZ | AutocavS

Arabia

508736636Analyzed
1v1 RM · 10d ago on Sep 23, 2026· 55m 32s· 2 players
Game mode
Random Map
Map size
Tiny (2 player)
Population
200
Speed
Normal
Resources
Standard
Victory
Conquest
Starting age
Dark Age
Ending age
Imperial Age
RankedLock teamsTeams togetherTeam positionsShared explorationLock speedFull tech treeHidden civsTurbo modeCheats
Victory
Defeat
🇲🇽 Varangians · Mexico
1472
+17
🇦🇷 Magyars · Argentina
1487
-17
El_mexicano_S
6:22 Loom
9:10 Feudal Age
9:18 Man-at-Arms
9:52 Double-Bit Axe
12:27 Town Watch
12:44 Horse Collar
16:57 Fletching
21:13 Castle Age
19:36 Gold Mining
20:30 Padded Archer Armor
21:23 Crossbowman
22:32 Bodkin Arrow
23:13 Bow Saw
26:06 Wheelbarrow
27:22 Ballistics
37:18 Imperial Age
38:01 Bracer
39:07 Chemistry
38:53 Hand Cart
39:59 Heavy Mounted Crossbowman
41:57 Leather Archer Armor
43:55 Scale Barding Armor
47:03 Ring Archer Armor
46:45 Bloodlines
48:57 Husbandry
48:43 Cranequins
50:42 Two-Man Saw
53:40 Conscription
ITZ | AutocavS
5:07 Loom
6:33 Loom
9:02 Feudal Age
10:01 Double-Bit Axe
13:29 Horse Collar
17:45 Town Watch
22:23 Castle Age
21:01 Gold Mining
22:34 Bloodlines
22:29 Fletching
22:40 Padded Archer Armor
24:41 Scale Barding Armor
28:39 Husbandry
31:28 Bow Saw
34:29 Bodkin Arrow
36:45 Leather Archer Armor
38:15 Ballistics
41:46 Imperial Age
40:30 Thumb Ring
41:50 Heavy Cavalry Archer
43:43 Gold Shaft Mining
44:26 Ring Archer Armor
46:50 Bracer
49:25 Parthian Tactics
Connection lost

Rejoining the realm…

Still unreachable

The connection could not be restored.

Session expired

The server has moved on; the page needs a fresh start.